 Dungeon Crawl Stone Soup version 0.27-a0-1193-g8631133539 (webtiles) character file.

Game seed: 12109062903376121215

205 EnegeticOcto the Magician (level 6, -4/40 HPs)
             Began as a Djinni Earth Elementalist on May 25, 2021.
             Was an Initiate of Makhleb.
             Slain by an orc
             ... wielding a +0 mace
              (8 damage)
             ... on level 5 of the Dungeon.
             The game lasted 00:02:55 (760 turns).

EnegeticOcto the Magician (DjEE)                     Turns: 760, Time: 00:02:56

Health: -4/40      AC:  2    Str:  7    XL:     6   Next: 9%
Gold:   18         EV: 12    Int: 18    God:    Makhleb [......] SH:  0 Dex: 14

rFire    + + .     SeeInvis .   (no weapon)
rCold    x . .     Faith    .   (no shield)
rNeg     . . .     Spirit   .   c - +0 robe
rPois    ∞         Reflect  .   (no helmet)
rElec    .         Harm     .   (no cloak)
rCorr    .         Rampage  .   (no gloves)
Will     .....                  (boots unavailable)
Stlth    ++........             (no amulet)
HPRegen  0.13/turn              (no ring)
MPRegen  0.00/turn              (no ring)

@: brilliant, flying
A: sickness immunity, fire resistance 2, cold vulnerability 1, float, innate
caster, hp casting, extra vitality 1
a: Renounce Religion


You were on level 5 of the Dungeon.
You worshipped Makhleb.
Makhleb was noncommittal.
You visited 2 branches of the dungeon, and saw 6 of its levels.

You collected 18 gold pieces.

Inventory:

Missiles
 b - 63 stones
Armour
 c - a +0 robe (worn)
Scrolls
 a - a scroll of identify {@r1}
Potions
 d - a potion of lignification {unknown}
 e - a potion of flight
 g - a potion of heal wounds {@q2 !q}


   Skills:
 - Level 2.1 Dodging
 - Level 1.5 Stealth
 + Level 4.9 Spellcasting


You couldn't memorise any spells.
You knew the following spells:

 Your Spells              Type           Power      Damage    Failure   Level
a - Sandblast             Erth           66%        2d15      1%          1
b - Stone Arrow           Conj/Erth      66%        3d11      5%          3
c - Petrify               Tmut/Erth      33%        N/A       19%         4
d - Lee's Rapid Deconstr  Erth           16%        3d11*     45%         5
e - Summon Small Mammal   Summ           100%       N/A       1%          1
f - Wereblood             Tmut           33%        N/A       2%          2
p - Passwall              Tmut/Erth      27%        N/A       2%          2
Your spell library was empty.

Dungeon Overview and Level Annotations

Branches:
Dungeon (5/15)             Temple (1/1) D:4

Altars:
Cheibriados
Hepliaklqana
Makhleb
Okawaru
Uskayaw
Yredelemnul


Innate Abilities, Weirdness & Mutations

You are immune to sickness and miasma.
You are immune to poison.
Your flesh is very heat resistant. (rF++)
You are vulnerable to cold. (rC-)
You float through the air rather than walking.
You learn spells naturally, not from books.
Your magical power is your life essence.
You have superior vitality. (+4 HP)


Message History

You fly downwards.
The hatch slams shut behind you.
An iguana, 4 orcs, an orc priest and an orc wizard come into view.
The orc wizard is wielding a +1 dagger of speed.
The orc priest is wielding a +0 vampiric whip.
An orc is wielding a +0 whip and quivering boomerangs of dispersal.
Unknown command.
As you read the scroll labelled RUAH PAIKIG, it crumbles to dust.
It is a scroll of identify.
e - a potion of flight The orc shouts! x3; The orc wizard shouts!
The orc shouts!
Casting: Sandblast (safe; 2% risk of failure)
Confirm with . or Enter, or press ? or * to list all spells.
Aiming: Stone Arrow (dangerous; 7% risk of failure)
Press: ? - help, Shift-Dir - straight line, f - orc wizard
Aim: an orc wizard, wielding a +1 dagger of speed and wearing a +0 robe (60% to hit)
Okay, then.
Casting: Stone Arrow (dangerous; 7% risk of failure)
Confirm with . or Enter, or press ? or * to list all spells.
Aiming: Sandblast (safe; 2% risk of failure)
Press: ? - help, Shift-Dir - straight line, f - orc wizard
Aim: an orc wizard, wielding a +1 dagger of speed and wearing a +0 robe (74% to hit)
The blast of sand misses the orc wizard.
Casting: Sandblast (safe; 2% risk of failure)
Confirm with . or Enter, or press ? or * to list all spells.
Aiming: Sandblast (safe; 2% risk of failure)
Press: ? - help, Shift-Dir - straight line, f/p - orc wizard
Aim: an orc wizard, wielding a +1 dagger of speed and wearing a +0 robe (74% to hit)
The blast of sand hits the orc wizard.
The orc wizard is moderately wounded.
The orc priest invokes the aid of Beogh against you.
Beogh smites you!
Casting: Sandblast (safe; 2% risk of failure)
Confirm with . or Enter, or press ? or * to list all spells.
Aiming: Sandblast (safe; 2% risk of failure)
Press: ? - help, Shift-Dir - straight line, f/p - orc wizard
Aim: an orc wizard, wielding a +1 dagger of speed and wearing a +0 robe (moderately wounded, 74% to hit)
The blast of sand hits the orc wizard.
The orc wizard is severely wounded.
The orc wizard hits you with a +1 dagger of speed.
Casting: Sandblast (safe; 2% risk of failure)
Confirm with . or Enter, or press ? or * to list all spells.
Aiming: Sandblast (safe; 2% risk of failure)
Press: ? - help, Shift-Dir - straight line, f/p - orc wizard
Aim: an orc wizard, wielding a +1 dagger of speed and wearing a +0 robe (severely wounded, 74% to hit)
The blast of sand hits the orc wizard.
You kill the orc wizard!
Makhleb accepts your kill. The orc hits you with a +0 dagger.
The orc barely misses you.
You aren't carrying any items that you can evoke.
Unknown command.
Okay, then.
It was a potion of brilliance.
You feel clever all of a sudden. The orc completely misses you.
The orc closely misses you.
Casting: Sandblast (safe; 2% risk of failure)
Confirm with . or Enter, or press ? or * to list all spells.
Aiming: Sandblast (safe; 2% risk of failure)
Press: ? - help, Shift-Dir - straight line, f - iguana
Aim: an iguana (84% to hit)
You feel a surge of power!
The blast of sand hits the iguana!
The iguana is severely wounded.
The orc hits you with a +0 mace! The orc closely misses you.
The iguana completely misses you.
Casting: Sandblast (safe; 2% risk of failure)
Confirm with . or Enter, or press ? or * to list all spells.
Aiming: Sandblast (safe; 2% risk of failure)
Press: ? - help, Shift-Dir - straight line, f/p - iguana
Aim: an iguana (severely wounded, 84% to hit)
You feel a surge of power!
The blast of sand hits the iguana!
You kill the iguana!
Makhleb accepts your kill.
* * * LOW HITPOINT WARNING * * *
The orc closely misses you. The orc barely misses you.
The orc closely misses you.
You have reached level 6!
Your experience leads to an increase in your attributes!
Increase (s)trength, (i)ntelligence, or (d)exterity?
You feel clever.
Casting: Sandblast (safe; 1% risk of failure)
Confirm with . or Enter, or press ? or * to list all spells.
Aiming: Sandblast (safe; 1% risk of failure)
Press: ? - help, Shift-Dir - straight line, f - orc priest
Aim: an orc priest, wielding a +0 vampiric whip (82% to hit)
You feel a surge of power!
The blast of sand misses the orc.
The blast of sand hits the orc!
You kill the orc!
Makhleb accepts your kill.
* * * LOW HITPOINT WARNING * * *
The orc hits you with a +0 mace.
* * * LOW HITPOINT WARNING * * *
The orc closely misses you. x2
Casting: Sandblast (safe; 1% risk of failure)
Confirm with . or Enter, or press ? or * to list all spells.
Aiming: Sandblast (safe; 1% risk of failure)
Press: ? - help, Shift-Dir - straight line, f/p - orc priest
Aim: an orc priest, wielding a +0 vampiric whip (82% to hit)
You feel a surge of power!
The blast of sand hits the orc!
You kill the orc!
Makhleb accepts your kill.
* * * LOW HITPOINT WARNING * * *
The orc hits you with a +0 mace!
You die...

#######
#@o...#
#)o)..#
#o....#
#.........
#.........
#.........
#.........
#.........
#.....####


You could see an orc priest and 2 orcs.

Vanquished Creatures
  An ogre (D:4)
  2 iguanas
  An orc wizard (D:5)
  A hound skeleton (D:4)
  An adder (D:3)
  4 orcs
  3 ball pythons
  An endoplasm (D:2)
  2 goblins
  2 hobgoblins
  A quokka (D:3)
  A frilled lizard (D:1)
  2 kobolds
  A rat (D:1)
23 creatures vanquished.

Vanquished Creatures (others)
  5 plants (D:4)
5 creatures vanquished.

Grand Total: 28 creatures vanquished

Notes
Turn   | Place    | Note
-------+----------+-------------------------------------------
     0 | D:1      | EnegeticOcto the Djinni Earth Elementalist began the quest
                  | for the Orb.
     0 | D:1      | Reached XP level 1. HP: 15/15 MP: 0/0
    86 | D:3      | Reached XP level 2. HP: 12/21 MP: 0/0
   215 | D:4      | Reached skill level 3 in Spellcasting
   215 | D:4      | Reached XP level 3. HP: 11/25 MP: 0/0
   215 | D:4      | Learned a level 1 spell: Summon Small Mammal
   543 | D:4      | Noticed an ogre
   559 | D:4      | Killed an ogre
   560 | D:4      | Reached skill level 4 in Spellcasting
   560 | D:4      | Reached XP level 4. HP: 24/31 MP: 0/0
   560 | D:4      | Reached XP level 5. HP: 27/35 MP: 0/0
   560 | D:4      | Learned a level 2 spell: Wereblood
   573 | D:4      | Found a staircase to the Ecumenical Temple.
   582 | Temple   | Entered the Ecumenical Temple
   591 | Temple   | Became a worshipper of Makhleb the Destroyer
   749 | D:5      | Entered Level 5 of the Dungeon
   759 | D:5      | Reached XP level 6. HP: 11/40 MP: 0/0
   760 | D:5      | Slain by an orc

Illustrated notes

Levels and vault maps discovered:
D:1:      dpeg_arrival_subterranean_lakeside_camping, layout_loops_cross,
          hellmonk_ecumenical_altar_prayer_group
D:2:      layout_basic
D:3:      layout_basic, uniq_robin, uniq_ijyb, uniq_sigmund, uniq_grinder
D:4:      layout_loops_ring, general_overflow_altar, minmay_temple_entry_hall,
          serial_bayou, serial_bayou_shore_a, serial_bayou_pond_d,
          serial_bayou_lake_a, serial_bayou_crossing,
          hangedman_decor_peaks_small
D:5:      layout_gridville, led_xom_imps, kennysheep_mini_moat
Temple:   regret_index_temple_mists

Skill      XL: |  1  2  3 |
---------------+----------+-----
Spellcasting   | 3 4 |  4.9
Dodging        | |  2.1
Stealth        | |  1.5

Action                   |  1- 3 |  4- 6 || total
-------------------------+-------+-------++-------
 Cast: Sandblast         |    29 |    22 ||    51
       Summon Small Mamm |     4 |       ||     4
       Stone Arrow       |       |     1 ||     1
  Use: Potion            |       |     2 ||     2
       Scroll            |       |     1 ||     1
Armor: Robe              |     1 |       ||     1
Dodge: Dodged            |    11 |    12 ||    23

Table legend: (Time is in decaauts)
 A = Elapsed time spent in this place.
 B = Non-inter-level travel time spent in this place.
 C = Inter-level travel time spent in this place.
 D = Time resting spent in this place.
 E = Time spent auto-exploring this place.
 F = Levels seen in this place.
 G = Mean time per level.
                   A        B        C        D        E       F      G
               +--------+--------+--------+--------+--------+-----+--------+
         Total |    760 |    733 |     27 |      0 |    301 |   6 |  126.7 |
       Dungeon |    741 |    714 |     27 |      0 |    301 |   5 |  148.2 |
        Temple |     18 |     18 |      0 |      0 |      0 |   1 |   18.0 |
               +--------+--------+--------+--------+--------+-----+--------+

Top non-repeatable levels by time:
     D:4: 539 daAuts
     D:3: 126 daAuts
     D:1: 48 daAuts
  Temple: 18 daAuts
     D:2: 16 daAuts
     D:5: 10 daAuts
